 Dungeon Crawl Stone Soup version 0.21.1-1-g345015f (webtiles) character file.

833 poirepourri the Thaumaturge (level 7, -2/36 HPs)
             Began as a Deep Elf Fire Elementalist on July 19, 2018.
             Shot with an arrow by a centaur (9 damage)
             ... on level 5 of the Dungeon.
             The game lasted 00:06:25 (5074 turns).

poirepourri the Thaumaturge (DEFE)                  Turns: 5074, Time: 00:06:26

Health: -2/36      AC:  2    Str:  5    XL:     7   Next: 65%
Magic:  4/21       EV: 13    Int: 22    God:
Gold:   181        SH:  0    Dex: 15    Spells: 6/24 levels left

rFire    . . .     SeeInvis .   e - +0 short sword
rCold    . . .     Gourm    .   (no shield)
rNeg     . . .     Faith    .   a - +0 robe
rPois    .         Spirit   .   (no helmet)
rElec    .         Reflect  .   (no cloak)
rCorr    .         Harm     .   (no gloves)
MR       .....                  (no boots)
Stlth    +++.......             (no amulet)
HPRegen  0.12/turn              i - ring of stealth
MPRegen  0.17/turn              (no ring)

@: very slightly contaminated, invisible
A: no striking features
a: no special abilities


You were on level 5 of the Dungeon.
You were near starving.

You visited 1 branch of the dungeon, and saw 5 of its levels.

You collected 181 gold pieces.

Inventory:

Hand Weapons
 e - a +0 short sword (weapon)
Armour
 a - a +0 robe (worn)
Jewellery
 i - a ring of stealth (left hand)
Scrolls
 c - 2 scrolls of remove curse
 h - a scroll of enchant armour {unknown}
 m - a scroll of teleportation
Potions
 d - a potion of might
 g - a potion of haste
 j - 2 potions of lignification {unknown}
 l - a potion of cancellation {unknown}
 n - a potion of heal wounds {unknown}
 o - 2 potions of magic {unknown}
Books
 b - a book of Flames

   Spells                             Type                      Level
   a - Flame Tongue                   Conjuration/Fire             1
   b - Throw Flame                    Conjuration/Fire             2
   c - Conjure Flame                  Conjuration/Fire             3
   d - Inner Flame                    Hexes/Fire                   3
   e - Sticky Flame                   Conjuration/Fire             4
   f - Fireball                       Conjuration/Fire             5
Comestibles
 k - 2 rations


   Skills:
 - Level 2.4 Dodging
 - Level 2.4 Stealth
 - Level 9.0 Spellcasting
 - Level 1.1 Conjurations
 + Level 7.1 Fire Magic


You had 6 spell levels left.
You knew the following spells:

 Your Spells              Type           Power        Failure   Level  Hunger
a - Flame Tongue          Conj/Fire      ####.        1%          1    None
b - Throw Flame           Conj/Fire      ####..       1%          2    None
c - Conjure Flame         Conj/Fire      ####....     3%          3    None
d - Inner Flame           Hex/Fire       ####....     4%          3    None
e - Sticky Flame          Conj/Fire      ####....     12%         4    ##.....
f - Fireball              Conj/Fire      ####......   34%         5    #####..


Dungeon Overview and Level Annotations

Branches:
Dungeon (5/15)
 Temple: D:4-7

Altars:
The Shining One

Annotations:
D:2 Sigmund


Message History

Aim: an orc wizard, wielding a dagger and wearing a robe (heavily wounded, fast)
The flame tongue hits the orc wizard.
The orc wizard is almost dead.
Casting: Flame Tongue
Confirm with . or Enter, or press ? or * to list all spells.
Aiming: Flame Tongue
Press: ? - help, Shift-Dir - straight line, f/p - orc wizard
Aim: an orc wizard, wielding a dagger and wearing a robe (almost dead, fast, hasn't noticed you)
The flame tongue hits the orc wizard.
The orc wizard appears unharmed.
The orc wizard is almost dead.
The orc wizard barely misses you.
Casting: Flame Tongue
Confirm with . or Enter, or press ? or * to list all spells.
Aiming: Flame Tongue
Press: ? - help, Shift-Dir - straight line, f/p - orc wizard
Aim: an orc wizard, wielding a dagger and wearing a robe (almost dead, fast)
The flame tongue hits the orc wizard.
You kill the orc wizard!
The centaur shoots an arrow.
The arrow hits you!
You die...

.# .# #.## #...##
##.....##
...#####.......#
.....(c)........
#..#####@.......
#...†..#. #)#...##
.######.##.##
...........#
#######.####
#.#####....#
#.......#..#
###.###....######.#


You could see a centaur.

Vanquished Creatures
  Eustachio (D:4)
  A phantom (D:4)
  A necrophage (D:3)
  2 scorpions
  A hound (D:3)
  An orc priest (D:4)
  2 centaur skeletons
  2 orc wizards (D:5)
  A worker ant (D:4)
  A hound zombie (D:5)
  2 gnolls (D:2)
  5 adders
  A shadow imp (D:5)
  3 oozes (D:1)
  2 worms (D:2)
  A dart slug (D:1)
  A leopard gecko (D:4)
  14 orcs
  4 giant cockroaches
  14 goblins
  10 hobgoblins
  4 jackals (D:2)
  4 quokkas
  A ball python (D:1)
  4 bats
  5 frilled lizards
  9 kobolds
  12 rats
109 creatures vanquished.

Vanquished Creatures (others)
  An orc (D:5)
  A bush (D:2)
2 creatures vanquished.

Grand Total: 111 creatures vanquished

Notes
Turn   | Place    | Note
-------+----------+-------------------------------------------
     0 | D:1      | poirepourri the Deep Elf Fire Elementalist began the quest for the Orb.
     0 | D:1      | Reached XP level 1. HP: 10/10 MP: 6/6
   535 | D:1      | Reached skill level 4 in Spellcasting
   535 | D:1      | Reached XP level 2. HP: 7/15 MP: 6/9
   756 | D:1      | Learned a level 2 spell: Throw Flame
  1057 | D:1      | Reached XP level 3. HP: 19/19 MP: 9/11
  1060 | D:1      | Reached skill level 5 in Spellcasting
  1202 | D:1      | Learned a level 3 spell: Conjure Flame
  1206 | D:1      | Learned a level 3 spell: Inner Flame
  1930 | D:2      | Reached XP level 4. HP: 14/24 MP: 3/13
  2072 | D:2      | Reached skill level 6 in Spellcasting
  2730 | D:2      | Noticed Sigmund
  2834 | D:2      | Learned a level 4 spell: Sticky Flame
  2878 | D:2      | Found a glowing golden altar of the Shining One.
  3377 | D:3      | Reached skill level 7 in Spellcasting
  3377 | D:3      | Reached XP level 5. HP: 28/28 MP: 4/16
  3446 | D:3      | Reached skill level 8 in Spellcasting
  4020 | D:3      | Noticed a necrophage
  4030 | D:3      | Killed a necrophage
  4030 | D:3      | Reached XP level 6. HP: 30/32 MP: 6/19
  4125 | D:3      | Reached skill level 9 in Spellcasting
  4252 | D:4      | Noticed Eustachio
  4262 | D:4      | Killed Eustachio
  4262 | D:4      | Reached skill level 5 in Fire Magic
  4421 | D:4      | Reached XP level 7. HP: 36/36 MP: 12/21
  4478 | D:4      | Learned a level 5 spell: Fireball
  4937 | D:5      | Entered Level 5 of the Dungeon
  5074 | D:5      | Shot with an arrow by a centaur

Skill      XL: |  1  2  3  4  5  6  7 |
---------------+----------------------+-----
Spellcasting   | 4 5 7 8 9 |  9.0
Fire Magic     | 5 7 |  7.1
Dodging        | |  2.4
Stealth        | |  2.4
Conjurations   | |  1.1

Action                   |  1- 3 |  4- 6 |  7- 9 || total
-------------------------+-------+-------+-------++-------
Melee: Short sword       |       |    20 |     8 ||    28
 Cast: Flame Tongue      |    45 |    92 |    29 ||   166
       Throw Flame       |    21 |    30 |    11 ||    62
       Sticky Flame      |       |     5 |     1 ||     6
       Conjure Flame     |       |     1 |       ||     1
  Use: Scroll            |     3 |     6 |       ||     9
       Potion            |       |       |     1 ||     1
 Stab: Sleeping          |       |     2 |     3 ||     5
  Eat: Chunk             |     1 |     6 |     1 ||     8
       Ration            |     1 |       |       ||     1
Armor: Robe              |     1 |    16 |     1 ||    18
Dodge: Dodged            |    16 |    63 |    15 ||    94
